 Dungeon Crawl Stone Soup version 0.23.2-1-ga50397a (webtiles) character file.

Game seed: 4980685760290617986

14415 Fang the Fighter (level 12, -5/80 HPs)
             Began as a Gargoyle Berserker on Apr 15, 2019.
             Was a High Priest of Trog.
             Slain by Rupert
             ... wielding a +0 great sword of electrocution
              (26 damage)
             ... on level 14 of the Dungeon.
             The game lasted 00:16:31 (11296 turns).

Fang the Fighter (Gargoyle Berserker)              Turns: 11296, Time: 00:16:31

Health: -5/80      AC: 23    Str: 24    XL:     12   Next: 16%
Magic:  12/12      EV: 10    Int: 10    God:    Trog [*****.]
Gold:   352        SH:  0    Dex:  9    Spells: 11/11 levels left

rFire    . . .     SeeInvis +   G - +3 battleaxe (flame)
rCold    . . .     Gourm    .   (shield currently unavailable)
rNeg     + . .     Faith    .   b - +0 plate armour
rPois    ∞         Spirit   .   (no helmet)
rElec    +         Reflect  .   (no cloak)
rCorr    .         Harm     .   (no gloves)
MR       ++...                  (no boots)
Stlth    ..........             s - amulet of the acrobat
HPRegen  1.23/turn              (no ring)
MPRegen  0.13/turn              C - ring of see invisible

@: berserk cooldown, regenerating, slowed, very slow
A: negative energy resistance 1, electricity resistance, unbreathing,
petrification resistance, rot immunity, AC +8
a: Berserk, Trog's Hand, Brothers in Arms, Renounce Religion


You were on level 14 of the Dungeon.
You worshipped Trog.
Trog was extremely pleased with you.
You were not hungry.

You visited 2 branches of the dungeon, and saw 13 of its levels.
You also visited: Bailey.

You collected 562 gold pieces.
You spent 210 gold pieces at shops.

Inventory:

Hand Weapons
 a - a +2 war axe
 m - a +2 hand axe of electrocution
 n - a +4 hand axe of venom
 G - a +3 battleaxe of flaming (weapon)
Armour
 b - a +0 plate armour (worn)
Jewellery
 g - a +2 amulet of reflection
 s - an amulet of the acrobat (around neck)
 w - the amulet of Impatience {Inacc *Corrode rN+ Int+6}
   (You found it in a bailey)

   [amulet of inaccuracy]

   It reduces the accuracy of all your attacks.
   It affects your intelligence (+6).
   It protects you from negative energy.
   It may corrode you when you take damage.
 C - a ring of see invisible (right hand)
Wands
 h - a wand of enslavement (9)
 x - a wand of paralysis (6)
 y - a wand of random effects (17)
 z - a wand of digging (6)
 B - a wand of iceblast (7)
Scrolls
 e - 2 scrolls of magic mapping
 f - a scroll of identify
 o - a scroll of fear
 p - 4 scrolls of teleportation
 v - 2 scrolls of fog
 E - a scroll of remove curse
 F - a scroll of summoning
Potions
 d - 2 potions of flight
 i - 4 potions of curing
 j - 2 potions of cancellation
 k - 2 potions of heal wounds
 l - 2 potions of mutation
 q - 4 potions of haste
 r - a potion of agility {unknown}
 t - a potion of ambrosia
 u - a potion of magic
 A - a potion of degeneration {unknown}
Comestibles
 c - 16 rations


   Skills:
 + Level 11.1 Fighting
 + Level 9.4 Axes
 + Level 10.8 Armour
 + Level 8.4 Dodging


You had 11 spell levels left.
You didn't know any spells.
Your spell library was empty.

Dungeon Overview and Level Annotations

Branches:
Dungeon (11/15)            Temple (1/1) D:5            Lair (0/6) D:9
 Vaults (0/5) D:14
    Orc: D:9-12

Altars:
Ashenzari
Elyvilon
Makhleb
Uskayaw
Wu Jian
Xom
The Shining One

Shops:
D:4 :   D:6 =

Annotations:
D:14 Nessos, Rupert


Innate Abilities, Weirdness & Mutations

You are resistant to torment.
Your stone body is resilient. (AC +8)
You are immune to poison.
You resist negative energy. (rN+)
You are resistant to electric shocks. (rElec)
You can survive without breathing.
You are immune to petrification.
You are immune to rotting.


Message History

You see here an arrow.
You eat one of the 17 rations.
That ration really hit the spot!
You feel less confused. Rupert hits you but does no damage.
The orc knight completely misses you.
The death knight hits you with a +0 great sword!
The human hits you but does no damage.
A human comes into view.
Rupert hits you but does no damage.
Your skin crawls.
You feel resistant to hostile enchantments.
You feel somewhat more hungry. The death knight barely misses you.
The orc knight hits you but does no damage.
The human barely misses you.
Rupert hits you with a +0 great sword of electrocution.
The human hits you but does no damage. The death knight misses you.
The orc knight hits you with a +0 great sword!
* * * LOW HITPOINT WARNING * * *
You feel quite a bit more hungry.
Nessos blinks!
Rupert hits you with a +0 great sword of electrocution!!
You die...

#.#.#.........#####
#.#.###.(##...#...
#.#.#..((.....#..###
#.#.#.#..#....#..c.
#....).#....#..# ###
#.#...##....#..###....
#............§p.......
#####......##ppp....##
.........+@@pppp....
###......#po#ph.....
........+pppp.p....
###......#..##p.....
#......#..# ......
#......#..# p...><
...# ...<∩ #.## .....
...


You could see Rupert (berserk), a death knight, Nessos, an orc knight, 15 humans
and a hound.

Vanquished Creatures
  Josephine (D:10)
  Erolcha (D:11)
  A centaur warrior (D:14)
  An unseen horror (D:10)
  A manticore (D:11)
  A troll (D:11)
  6 hippogriffs
  19 yaks
  3 wraiths (D:10)
  A basilisk (D:9)
  4 hungry ghosts
  Grum (D:8)
  A porcupine (D:9)
  5 orc warriors
  A sky beast (D:8)
  2 black bears
  2 necrophages
  A phantom (D:8)
  4 ogres
  2 ice beasts
  4 wolves (D:8)
  7 centaurs
  4 crocodiles
  2 big kobolds (D:10)
  Blork the orc (D:4)
  5 bullfrogs
  A gnoll sergeant (D:7)
  5 killer bees (D:8)
  4 scorpions
  3 wights (D:9)
  2 howler monkeys (D:9)
  A bullfrog zombie (D:10)
  4 crimson imps
  2 jellies
  4 hounds
  A quasit (D:8)
  7 orc wizards
  A bullfrog skeleton (D:5)
  4 centaur skeletons
  4 orc priests
  A gnoll shaman (D:9)
  4 iguanas
  9 worker ants
  A hound zombie (D:7)
  3 hound skeletons
  A worker ant zombie (D:9)
  Robin (D:4)
  12 adders
  A howler monkey skeleton (D:9)
  14 gnolls
  5 shadow imps
  A white imp (D:7)
  2 worms
  3 dart slugs
  7 leopard geckos
  34 orcs
  4 giant cockroaches
  18 goblins
  2 hobgoblins
  4 jackals (D:11)
  7 quokkas
  14 bats
  7 frilled lizards
  A goblin skeleton (D:7)
  2 goblin zombies (D:7)
  A hobgoblin zombie (D:7)
  19 kobolds
  A kobold zombie (D:7)
  3 orc skeletons (D:7)
  3 orc zombies (D:7)
  2 quokka skeletons
  3 rats
  A fungus (D:9)
  A plant (D:9)
316 creatures vanquished.

Vanquished Creatures (others)
  3 bushes (D:9)
  6 fungi (D:9)
  11 plants (D:9)
20 creatures vanquished.

Grand Total: 336 creatures vanquished

Notes
Turn   | Place    | Note
-------+----------+-------------------------------------------
     0 | D:1      | Fang the Gargoyle Berserker began the quest for the Orb.
     0 | D:1      | Reached XP level 1. HP: 14/14 MP: 1/1
   340 | D:1      | Reached XP level 2. HP: 17/19 MP: 2/2
   826 | D:1      | Reached XP level 3. HP: 16/24 MP: 3/3
  1285 | D:2      | Reached XP level 4. HP: 29/29 MP: 4/4
  1471 | D:2      | Reached skill level 4 in Fighting
  1675 | D:2      | Found a faded altar of an unknown god.
  1722 | D:2      | Reached ** piety under Trog
  2455 | D:3      | Reached XP level 5. HP: 33/33 MP: 5/5
  2659 | D:4      | Noticed Robin
  2687 | D:4      | Killed Robin
  2735 | D:4      | Found a shattered altar of Ashenzari.
  2736 | D:4      | Found an ornate altar of the Wu Jian Council.
  2736 | D:4      | Noticed an ice beast
  2744 | D:4      | Killed an ice beast
  2744 | D:4      | Reached XP level 6. HP: 36/39 MP: 6/6
  2859 | D:4      | Noticed Blork the orc
  2869 | D:4      | Killed Blork the orc
  2869 | D:4      | Reached skill level 5 in Fighting
  3153 | D:4      | Reached XP level 7. HP: 44/44 MP: 7/7
  3213 | D:4      | Reached *** piety under Trog
  3292 | D:4      | Found Mefank's Book Shoppe.
  3487 | D:5      | Entered Level 5 of the Dungeon
  3630 | D:5      | Found a staircase to the Ecumenical Temple.
  3678 | Temple   | Entered the Ecumenical Temple
  3714 | D:5      | Found a hide-covered altar of Uskayaw.
  3819 | D:5      | Noticed a hungry ghost
  3846 | D:5      | Killed a hungry ghost
  3846 | D:5      | Reached skill level 5 in Armour
  3939 | D:5      | Reached XP level 8. HP: 51/51 MP: 8/8
  4370 | D:6      | Found a shimmering altar of Xom.
  4381 | D:6      | Found a shimmering altar of Xom.
  4381 | D:6      | Found a shimmering altar of Xom.
  4381 | D:6      | Found a shimmering altar of Xom.
  4382 | D:6      | Found a shimmering altar of Xom.
  4382 | D:6      | Found a shimmering altar of Xom.
  4382 | D:6      | Found a shimmering altar of Xom.
  4383 | D:6      | Found a shimmering altar of Xom.
  4391 | D:6      | Reached skill level 6 in Fighting
  4393 | D:6      | Reached skill level 5 in Axes
  4413 | D:6      | Noticed a hippogriff
  4421 | D:6      | Killed a hippogriff
  4456 | D:6      | Reached **** piety under Trog
  4807 | D:6      | Found Kigatoet's Jewellery Shop.
  4815 | D:6      | Bought an uncursed ring of see invisible for 210 gold
                  | pieces
  5046 | D:7      | Reached XP level 9. HP: 50/56 MP: 9/9
  5056 | D:7      | Reached skill level 7 in Fighting
  5076 | D:7      | Reached skill level 5 in Dodging
  5455 | D:7      | Found a glowing golden altar of the Shining One.
  6096 | D:8      | Reached skill level 8 in Fighting
  6123 | D:8      | Reached XP level 10. HP: 24/64 MP: 10/10
  6423 | D:8      | Noticed Grum
  6441 | D:8      | Killed Grum
  6976 | D:8      | Found a burning altar of Makhleb.
  7500 | D:9      | Found a white marble altar of Elyvilon.
  7562 | D:9      | Reached ***** piety under Trog
  7574 | D:9      | Found a flagged portal.
  7580 | Bailey   | Entered a bailey
  7612 | Bailey   | Reached skill level 9 in Fighting
  7857 | Bailey   | Found a burning altar of Makhleb.
  8000 | Bailey   | Got a scorched brass amulet
  8150 | D:9      | Identified the amulet of Impatience {Inacc *Corrode rN+
                  | Int+6} (You found it in a bailey)
  8342 | D:9      | Found a staircase to the Lair.
  8378 | D:9      | Reached XP level 11. HP: 29/71 MP: 11/11
  9299 | D:10     | Entered Level 10 of the Dungeon
  9336 | D:10     | Noticed Josephine
  9348 | D:10     | Killed Josephine
  9348 | D:10     | Reached skill level 10 in Fighting
  9519 | D:10     | Noticed an unseen horror
  9527 | D:10     | Killed an unseen horror
  9527 | D:10     | Reached skill level 10 in Armour
 10056 | D:11     | Noticed Erolcha
 10067 | D:11     | Killed Erolcha
 10730 | D:11     | Noticed a manticore
 10743 | D:11     | Killed a manticore
 10743 | D:11     | Reached XP level 12. HP: 42/79 MP: 12/12
 11045 | D:11     | You fall through a shaft for 3 floors!
 11070 | D:14     | Noticed a centaur warrior
 11091 | D:14     | Killed a centaur warrior
 11091 | D:14     | Received a gift from Trog
 11091 | D:14     | Reached skill level 11 in Fighting
 11282 | D:14     | Noticed Rupert
 11282 | D:14     | Noticed a death knight
 11283 | D:14     | Noticed Nessos
 11284 | D:14     | Found a gate to the Vaults.
 11296 | D:14     | Slain by Rupert

Skill      XL: |  1  2  3  4  5  6  7  8  9 10 11 12 |
---------------+-------------------------------------+-----
Axes           | 3 4 5 6 8 9 |  9.4
Dodging        | 2 3 4 5 7 8 |  8.4
Armour         | 3 4 5 6 7 9 10 | 10.8
Fighting       | 4 5 6 8 9 10 11 | 11.1

Action                   |  1- 3 |  4- 6 |  7- 9 | 10-12 || total
-------------------------+-------+-------+-------+-------++-------
Melee: Hand axe          |   119 |   136 |   320 |   537 ||  1112
       Battleaxe         |       |       |       |     4 ||     4
Invok: Berserk           |     1 |     1 |     3 |     6 ||    11
       Trog's Hand       |       |       |     1 |     4 ||     5
       Brothers in Arms  |       |       |       |     1 ||     1
  Use: Scroll            |       |       |    21 |     3 ||    24
       Potion            |       |       |       |     1 ||     1
 Stab: Sleeping          |     1 |       |       |       ||     1
  Eat: Chunk             |     1 |     8 |    12 |    23 ||    44
       Ration            |       |       |     2 |     2 ||     4
Armor: Chain mail        |    90 |    92 |   199 |    84 ||   465
       Animal skin       |     6 |       |       |       ||     6
       Plate armour      |       |       |       |   314 ||   314
Dodge: Dodged            |    71 |    65 |   187 |   441 ||   764
Block: Other             |     4 |     9 |     8 |       ||    21
       Reflection        |       |       |     1 |       ||     1
